[Event "1st Festival Galdar 2024"]
[Site "?"]
[Date "2024.09.02"]
[Round "1.1"]
[White "Bibilashvili, Lali"]
[Black "Stefansson, Vignir Vatnar"]
[Result "0-1"]
[Annotator "TA"]
[ECO "A21"]
[WhiteElo "1865"]
[BlackElo "2531"]
[PlyCount "64"]
[EventDate "2024.09.02"]
[EventType "swiss"]
[SourceTitle "playchess.com"]
[Source "ChessBase"]
[SourceQuality "1"]
[TimeControl "5400+30"]

1. Nf3 f5 2. g3 Nf6 3. Bg2 d6 4. c4 e5 5. d3 Be7 6. Nc3 O-O 7. O-O Qe8 8. Nd5 (8. b4 $11 {was preferrable.}) 8... Nxd5 $15 9. cxd5 Qh5 10. b4 (10. Bd2 $11) 10... Nd7 11. e4 a5 12. Bd2 axb4 13. Bxb4 f4 (13... fxe4 $17 14. dxe4 Nc5) 14. Nd2 (14. d4 $11) 14... Qh6 15. Qc2 Bd8 16. Rfe1 {[%emt 0:07:53] Black continues to play with concentration.} ({Better is} 16. g4 $15) 16... Nf6 $17 {[%emt 0:01:28] [#] ...fxg3 is the strong threat.} 17. f3 (17. Nf3 $17) 17... c5 $19 18. Bc3 b5 $36 {[%emt 0:00:13][%mdl 2048] Black has strong initiative.} 19. Nf1 Bb6 {[%emt 0:00:30] Threatens to win with ...c4+.} 20. Red1 $2 (20. gxf4 {was called for.} exf4 21. Nd2) 20... fxg3 21. Nxg3 Nh5 22. Nxh5 Qxh5 23. a4 $2 (23. Kh1) 23... b4 24. Be1 Bh3 25. Qe2 $2 (25. Bxh3 Qxh3 26. Qg2) 25... c4+ 26. Kh1 {[%emt 0:00:00] White is weak on the dark squares} c3 {[%emt 0:00:52] aiming for ...Bxg2+.} 27. Rdb1 Bc5 {[%emt 0:01:41] And now ...Bxg2+ would win.} 28. a5 Rf6 29. Ra2 Rg6 30. Qf1 {[%emt 0:01:27] [#]} Rxa5 $3 31. Rc2 (31. Rxa5 Bxg2+) 31... Rxg2 32. Rxg2 Ra2 {[%emt 0:00:15] Weighted Error Value: White=1.47/Black=0.32.  Mistake:       	White=7     	Black=1      Inaccurate:     	White=2     	Black=1      OK:         	White=2     	Black=7      Best:        	White=1     	Black=2} 0-1

[Event "1st Festival Galdar 2024"]
[Site "?"]
[Date "2024.09.02"]
[Round "1.2"]
[White "Arizmendi Martinez, Julen Luis"]
[Black "Almeida Sanchez, Juan Sebastian"]
[Result "1-0"]
[Annotator "TA"]
[ECO "B48"]
[WhiteElo "2517"]
[BlackElo "1863"]
[PlyCount "61"]
[EventDate "2024.09.02"]
[EventType "swiss"]
[SourceTitle "playchess.com"]
[Source "ChessBase"]
[SourceQuality "1"]
[TimeControl "5400+30"]

1. e4 c5 2. Nf3 Nc6 3. d4 cxd4 4. Nxd4 Qc7 5. Nc3 e6 6. a3 a6 7. Be3 Nf6 8. f4 Nxd4 (8... d6 $11) 9. Qxd4 b6 10. e5 $16 Bc5 {[%emt 0:20:22] White is better.} 11. Qd3 (11. Qd2 $142 Ng4 12. Bxc5 bxc5 13. Be2) 11... Ng4 12. Bxc5 Qxc5 13. Qf3 {[%emt 0:15:09][%csl LRa8,LRg4][%cal Of3g4] Dodges Qf2+} h5 14. Bd3 (14. Qxa8 $2 Qf2+ 15. Kd1 Ne3+ 16. Kc1 Qxc2#) ({Better is} 14. Ne4 $16 Qe3+ 15. Be2 Qxf3 16. Bxf3) 14... Qe3+ 15. Qxe3 Nxe3 16. Be4 (16. Kd2 $1 $16 Nf5 (16... Nxg2 $2 {loses.} 17. Be4 $18) 17. Bxf5 exf5 18. Nd5) 16... Ra7 $14 17. Ke2 Ng4 18. Rad1 Rc7 19. h3 Nh6 20. Rd6 b5 $1 {[%emt 0:01:02] [#]} 21. g4 Ke7 {[%emt 0:04:14] [#] Black is weak on the dark squares} (21... f6 $1 $11 {remains equal.}) 22. g5 $1 $36 {[%emt 0:00:51][%mdl 2048] White is in control. White is much more active.} ({Don't play} 22. gxh5 $6 f6 $11) 22... Ng8 23. Rhd1 f5 (23... Ke8 $16 24. Rb6 f6) 24. Bf3 g6 (24... Ke8 $142 25. Rb6 Ne7) 25. R1d4 $18 Rh7 26. a4 bxa4 27. Rxa4 Ke8 28. Rb4 Ne7 29. Rb8 Nc6 $2 (29... Rh8 {was called for.} 30. Kd3 (30. Rxa6 Kf7 $18) 30... Ra7) 30. Bxc6 dxc6 31. Rxe6+ {[%emt 0:00:43] Weighted Error Value: White=0.20 (precise) /Black=0.57.  Mistake:       	White=4     	Black=5      Inaccurate:     	White=4     	Black=3      OK:         	White=11    	Black=6      Strong:       	White=1     	Black=1} 1-0

[Event "1st Festival Galdar 2024"]
[Site "?"]
[Date "2024.09.02"]
[Round "1.3"]
[White "Almeida Cubas, Mirella"]
[Black "Sumets, Andrey"]
[Result "0-1"]
[Annotator "TA"]
[ECO "A25"]
[WhiteElo "1861"]
[BlackElo "2517"]
[PlyCount "56"]
[EventDate "2024.09.02"]
[EventType "swiss"]
[SourceTitle "playchess.com"]
[Source "ChessBase"]
[SourceQuality "1"]
[TimeControl "5400+30"]

1. c4 e5 2. Nc3 Nc6 3. g3 Bc5 4. Bg2 d6 5. e3 Bf5 6. d3 Qd7 7. a3 a5 8. Nge2 {[%emt 0:00:29] The position is equal.} Bh3 9. O-O h5 10. d4 Bb6 11. Re1 $2 {[%emt 0:07:40] [#]} ({White should play} 11. f3 $11) 11... Bxg2 $17 12. Kxg2 h4 13. Rh1 h3+ 14. Kf1 Nf6 {[%emt 0:07:08] Black is more active.} 15. f3 $2 (15. Nd5 $17) 15... Qf5 $19 16. f4 O-O {[%emt 0:02:59] And now ...exd4 would win.} 17. Rb1 $2 (17. d5 Ne7 18. Ng1) 17... exd4 18. exd4 Rfe8 19. b4 axb4 20. axb4 Qh5 21. Ng1 {[%emt 0:07:31] Prevents Qf3+} Qxd1+ 22. Nxd1 Bxd4 23. Ne2 (23. Nxh3 $142 Ra2 24. b5) 23... Ra2 24. Nxd4 Nxd4 25. Bb2 {[%emt 0:02:26] White is weak on the light squares} Nf3 {[%emt 0:00:40] [#] ( -> ...Nd2+). A dynamic duo of knights.} 26. Ra1 Nd2+ {[%emt 0:00:20] Black mates.} 27. Kg1 Rxa1 28. Bxa1 Re1+ {[%emt 0:00:08] White did not feel at home in the position after the opening.   Weighted Error Value: White=1.20/Black=0.19 (very precise) .  Mistake:       	White=4     	---        Inaccurate:     	White=3     	---        OK:         	White=4     	Black=5      Best:        	---       	Black=4} (28... Re2 $142 29. Ne3 Nfe4 (29... Rxe3 $2 30. Bc3 $19) 30. g4 Nf3+ 31. Kf1 Rf2#) 0-1

[Event "1st Festival Galdar 2024"]
[Site "?"]
[Date "2024.09.02"]
[Round "1.4"]
[White "Beerdsen, Thomas"]
[Black "Bangiev, Katharina"]
[Result "1-0"]
[Annotator "TA"]
[ECO "B31"]
[WhiteElo "2509"]
[BlackElo "1831"]
[PlyCount "51"]
[EventDate "2024.09.02"]
[EventType "swiss"]
[SourceTitle "playchess.com"]
[Source "ChessBase"]
[SourceQuality "1"]
[TimeControl "5400+30"]

1. e4 c5 2. Nf3 Nc6 3. Bb5 g6 4. O-O Bg7 5. c3 Nf6 6. Re1 O-O 7. h3 d5 8. e5 Ne8 9. d4 cxd4 10. cxd4 Nc7 11. Bxc6 bxc6 12. Nc3 Rb8 13. b3 h6 14. Na4 {[%emt 0:02:04] White is more active.} Ne6 {[%emt 0:01:43] White is better.} 15. Ba3 Ba6 16. Rc1 Qd7 17. Nc5 Nxc5 18. Bxc5 Rfc8 $2 {[%emt 0:01:33] [#]} (18... Bc8 $16 19. Qd2 Rb7) 19. e6 $1 $18 fxe6 20. Qc2 g5 (20... Rf8 21. Qxg6 Rf6) 21. Qg6 (21. Ne5 $142 Qe8 22. Ng6 (22. Bxa7 Rb7 $18)) 21... Rf8 $2 (21... Qe8 22. Qxe6+ (22. Rxe6 Qxg6 23. Rxg6 Kf7 $11) 22... Qf7 23. Qxf7+ (23. Bxe7 Qxe6 24. Rxe6 Bd3 $18) (23. Qxe7 Rb7 $18) (23. Bxa7 Qxe6 24. Rxe6 Rb7 $18) 23... Kxf7 24. Rxe7+ (24. Bxe7 Rb7 $18) 24... Kg8) 22. Ne5 (22. Qxe6+ Qxe6 23. Rxe6 Rfe8 24. Rxc6 (24. Bxe7 Rb7 $11) (24. Bxa7 Ra8 $18) 24... Be2 25. Bxa7 Rb7 $18) (22. Rxe6 Rf6 23. Rxf6 (23. Rxe7 $2 Qxe7 $19) 23... exf6 $18) 22... Qc7 {[%emt 0:05:49] [#]} (22... Qe8 23. Qxe6+ Kh7) 23. Qxe6+ {[%emt 0:00:12] White is clearly winning.} Kh7 24. Bxe7 Rfe8 25. Qg6+ Kg8 26. Bd6 {[%emt 0:00:05] Black did not feel at home in the position after the opening.   Weighted Error Value: White=0.34/Black=0.68.  Loses game:     	---       	Black=1      Mistake:       	White=1     	Black=3      OK:         	White=4     	Black=3      Best:        	White=2     	---        Brilliant:      	White=1     	---} 1-0

[Event "1st Festival Galdar 2024"]
[Site "?"]
[Date "2024.09.02"]
[Round "1.5"]
[White "Rivero Reyes, Alejandro"]
[Black "Zwirs, Nico"]
[Result "0-1"]
[Annotator "TA"]
[ECO "B68"]
[WhiteElo "1820"]
[BlackElo "2485"]
[PlyCount "82"]
[EventDate "2024.09.02"]
[EventType "swiss"]
[SourceTitle "playchess.com"]
[Source "ChessBase"]
[SourceQuality "1"]
[TimeControl "5400+30"]

1. e4 c5 2. Nf3 d6 3. d4 cxd4 4. Nxd4 Nf6 5. Nc3 a6 6. Bg5 Nc6 7. Qd2 e6 8. O-O-O Bd7 9. f4 Be7 10. Nb3 b5 11. Bd3 (11. a3 $14) 11... b4 12. Ne2 (12. Na4 $15 {might be stronger.}) 12... Qb6 $17 13. f5 e5 (13... a5 $17 {aiming for ...a4.} 14. Qe3 Qxe3+ 15. Bxe3 Ne5) 14. Qe3 Qxe3+ 15. Bxe3 Ng4 16. Bg1 h5 17. Nd2 Bg5 18. Kb1 Ne3 {[%emt 0:02:30] Repels Nc4} 19. Nf3 Bh6 ({But not} 19... Nxd1 $6 20. Nxg5 Ke7 21. Kc1 $14) 20. Bxe3 Bxe3 21. Bc4 Ke7 22. Rd3 Bc5 23. Nc1 Na5 24. Bd5 Ra7 25. Nb3 Nxb3 26. axb3 a5 27. Nd2 h4 28. Nc4 a4 29. Rhd1 Bb5 30. R3d2 Rc8 31. Re1 (31. Rd3 $15) 31... a3 32. bxa3 Bxc4 ({And not} 32... bxa3 33. c3 $16) 33. Bxc4 Rxa3 {[%emt 0:00:01] [#] Hoping for ...Rca8.} ({Worse is} 33... bxa3 34. c3 $16) 34. Rd3 $2 {[%emt 0:00:30][%mdl 8192] This costs White the game.} (34. Ree2 $17) 34... Bd4 $19 35. Rxd4 exd4 {[%emt 0:00:01][%mdl 4096] Endgame. KRR-KRB} 36. Kc1 (36. Re2 {is a better defense.}) 36... Ra1+ {[%emt 0:00:06] Black is clearly winning.} 37. Kd2 Rxe1 38. Kxe1 Kf6 39. Kd2 Rc7 40. Ke2 g6 41. g4 (41. Bd3 $142) 41... hxg3 {[%emt 0:00:11] Weighted Error Value: White=0.53/Black=0.13 (very precise) .  Loses game:     	White=1     	---        Mistake:       	White=4     	Black=1      Inaccurate:     	White=4     	Black=2      OK:         	White=7     	Black=11     Best:        	White=3     	Black=2} 0-1

[Event "1st Festival Galdar 2024"]
[Site "?"]
[Date "2024.09.02"]
[Round "1.6"]
[White "Fromm, Marius"]
[Black "Gonzalez Perdomo, Sergio"]
[Result "1-0"]
[Annotator "TA"]
[ECO "B11"]
[WhiteElo "2477"]
[BlackElo "1810"]
[PlyCount "63"]
[EventDate "2024.09.02"]
[EventType "swiss"]
[SourceTitle "playchess.com"]
[Source "ChessBase"]
[SourceQuality "1"]
[TimeControl "5400+30"]

1. e4 c6 2. Nc3 d5 3. Nf3 dxe4 4. Nxe4 Nf6 5. Qe2 Nxe4 6. Qxe4 Nd7 7. c3 Nf6 8. Qc2 g6 {[%emt 0:01:32] The position is equal.} 9. d4 Bf5 10. Bd3 Bxd3 11. Qxd3 Bg7 12. O-O O-O 13. Bf4 c5 14. Rfe1 e6 15. Rad1 cxd4 16. Nxd4 Qb6 17. Qe2 a6 18. c4 Rfd8 19. Be5 Rac8 20. b3 Nh5 21. Bxg7 Nxg7 22. Qb2 Qc5 ({Don't go for} 22... Rxc4 $2 23. Nxe6 (23. Nf5 exf5 24. Rxd8+ Qxd8 $18) 23... Nxe6 24. Rxd8+ Qxd8 25. bxc4 $18) 23. Nf3 Nf5 24. g4 Ng7 25. Qf6 Rf8 {[%emt 0:05:10][%mdl 8192] [#] A mistake that costs the game.} (25... Qc7 $11 {and Black is okay.}) 26. Ne5 $1 $18 Qc7 $2 (26... Qa5 {might work better.} 27. Nd7 h5) 27. Rd7 Qa5 (27... Ne8 $142) 28. Re3 Ne8 29. Qe7 Qxa2 $2 (29... Qc5 30. Rxb7 Qxe7 31. Rxe7 Nf6) 30. Nxf7 {[%emt 0:00:45] [#] White wants to mate with Nh6+. White is clearly winning.} Qa1+ 31. Kg2 Qg7 {[%emt 0:00:21] Inhibits Nh6+.} 32. Rf3 {[%emt 0:00:46] Weighted Error Value: White=0.33/Black=0.35.  Loses game:     	---       	Black=1      Mistake:       	---       	Black=3      Inaccurate:     	White=2     	---        OK:         	White=8     	Black=9      Best:        	---       	Black=3      Strong:       	White=1     	---} 1-0

[Event "1st Festival Galdar 2024"]
[Site "?"]
[Date "2024.09.02"]
[Round "1.7"]
[White "Sanchez Montesdeoca, Isaac"]
[Black "Cuenca Jimenez, Jose Fernando"]
[Result "0-1"]
[Annotator "TA"]
[ECO "B30"]
[WhiteElo "1806"]
[BlackElo "2466"]
[PlyCount "66"]
[EventDate "2024.09.02"]
[EventType "swiss"]
[SourceTitle "playchess.com"]
[Source "ChessBase"]
[SourceQuality "1"]
[TimeControl "5400+30"]

1. e4 c5 2. Nf3 Nc6 3. Bc4 Nf6 4. Nc3 e6 5. O-O d5 6. exd5 exd5 7. Re1+ Be7 8. Bf1 {[%emt 0:01:50] The position is equal.} d4 9. Ne4 Nxe4 10. Rxe4 Bf5 11. Rf4 ({Better is} 11. Re1 $15) 11... Bg6 12. Bb5 Bd6 13. Rh4 O-O 14. Bxc6 bxc6 15. d3 Qc7 16. Ng5 Qe7 17. Bd2 (17. Nf3 $142) 17... h6 $17 18. Nf3 f5 {[%emt 0:00:35] Black is more active.} ({Black should play} 18... Bf5 $17 19. h3 Rfe8) 19. g3 (19. c3 $1 $11 {remains equal.}) 19... Bf7 (19... Qe6 $17 20. Bf4 Be7) 20. c4 (20. c3 $1 $15) 20... Qf6 21. Qc1 Rad8 22. Qf1 (22. Kg2 $17) 22... g5 $19 23. Rh3 Be6 {[%emt 0:09:56] Threatens to win with ...f4.} 24. Re1 f4 25. gxf4 Bxf4 ({Black should try} 25... gxf4 $17 26. Rh4 Rf7) 26. Bxf4 $11 gxf4 (26... Qxf4 $5 27. Rg3 $8 (27. Rxe6 $2 {is the wrong capture.} Qg4+ 28. Rg3 Qxe6 $19) (27. Rxh6 $2 {too greedy.} Bf5 $19) 27... Bf5 $11) 27. Kh1 Rd7 (27... Bxh3 $17 28. Qxh3 Rd6 (28... Rfe8 29. Rg1+ Kh8 30. Ng5 $17)) 28. Rh4 Rg7 $36 {[%emt 0:00:18][%mdl 2048] Black has good play.} 29. Re4 (29. h3 $11 {keeps the balance.}) 29... Bg4 $17 30. Rxg4 Rxg4 31. Ne5 $2 {[%emt 0:00:16] [#]} (31. Qe2 $17 {was called for.}) 31... Rg7 $1 $19 {[%emt 0:00:30] Hoping for ...f3.} 32. Qh3 Qf5 {[%emt 0:05:50] Prevents Ng4.} 33. Qf1 (33. Qxf5 {was the crucial defense.} Rxf5 34. Nf3) 33... Re8 {[%emt 0:01:34] Weighted Error Value: White=0.49/Black=0.21 (precise) .  Loses game:     	White=1     	---        Mistake:       	White=8     	Black=5      Inaccurate:     	White=2     	Black=2      OK:         	White=10    	Black=11     Strong:       	---       	Black=1} (33... f3 $142 34. h3 Kh7) 0-1

[Event "1st Festival Galdar 2024"]
[Site "?"]
[Date "2024.09.02"]
[Round "1.8"]
[White "Camacho Collados, Marcos"]
[Black "Castro Miguelez, Jose"]
[Result "1-0"]
[Annotator "TA"]
[ECO "A11"]
[WhiteElo "2460"]
[BlackElo "1785"]
[PlyCount "51"]
[EventDate "2024.09.02"]
[EventType "swiss"]
[SourceTitle "playchess.com"]
[Source "ChessBase"]
[SourceQuality "1"]
[TimeControl "5400+30"]

1. Nf3 d5 2. g3 Nf6 3. Bg2 g6 4. b3 Bg7 5. Bb2 O-O 6. c4 c6 7. O-O Qb6 8. Qc1 Rd8 9. d3 dxc4 10. bxc4 {[%emt 0:00:45][%cal Bb3c4,Bc4d5][%mdl 32] White is slightly better.} c5 ({Black should play} 10... Bg4 $14) 11. Nc3 $16 Bd7 12. Rb1 {[%emt 0:04:10] Black must now prevent Nd5.} Qc7 13. Nd5 Nxd5 14. Bxg7 Kxg7 15. cxd5 Bc8 16. Qc3+ Kg8 17. Nd2 Na6 18. Ne4 Rb8 {[%emt 0:05:37] [#]} (18... Rxd5 $2 {loses.} 19. Nf6+ exf6 20. Bxd5 $18) 19. d6 $1 {[%emt 0:00:54][%mdl 512] White has more active pieces.} Rxd6 20. Nxd6 Qxd6 21. Rfd1 $36 {[%emt 0:04:39][%mdl 2048] White is really pushing.} e5 22. e3 Nb4 $2 {[%emt 0:01:43] [#] Loses the game.} (22... Bg4 $16) 23. d4 $18 exd4 24. exd4 Na6 25. dxc5 Qxc5 26. Rd8+ {[%emt 0:00:06] Weighted Error Value: White=0.05 (flawless) /Black=0.78.  Loses game:     	---       	Black=1      Mistake:       	---       	Black=1      Inaccurate:     	---       	Black=5      OK:         	White=8     	Black=6      Best:        	White=1     	Black=1} 1-0

[Event "1st Festival Galdar 2024"]
[Site "?"]
[Date "2024.09.02"]
[Round "1.9"]
[White "Cobo Mazorra, Alejandro"]
[Black "Lopez Martinez, Josep Manuel"]
[Result "0-1"]
[Annotator "TA"]
[ECO "A08"]
[WhiteElo "1773"]
[BlackElo "2448"]
[PlyCount "96"]
[EventDate "2024.09.02"]
[EventType "swiss"]
[SourceTitle "playchess.com"]
[Source "ChessBase"]
[SourceQuality "1"]
[TimeControl "5400+30"]

1. Nf3 e6 2. d3 d5 3. g3 c5 4. Bg2 Nc6 5. O-O Bd6 6. Re1 Nge7 7. e4 O-O 8. h4 {[%emt 0:00:30] White has an edge.} f6 9. Nc3 d4 10. Ne2 e5 11. h5 Be6 12. Nh2 Qe8 13. h6 g5 14. f4 (14. g4 $17) 14... Qh5 (14... exf4 $19 15. gxf4 Qh5) 15. f5 $15 Bf7 16. g4 Qxh6 17. Ng3 c4 {[%emt 0:00:00] Black is much more active. The white rooks are passive.} 18. Nf3 Rfc8 19. Bd2 (19. Re2 $142) 19... cxd3 $17 20. cxd3 Bb4 (20... Nb4 $142 {...Nc2 is the strong threat.} 21. Bxb4 Bxb4) 21. Kf2 Bxd2 22. Qxd2 Qg7 23. Rh1 Nd8 24. Nh5 Bxh5 25. Rxh5 Nf7 26. Rah1 h6 27. Ne1 Rc5 (27... a5 $17 28. Bf3 a4) 28. Bf3 $11 Nc8 29. Bd1 Ncd6 30. Bb3 Kf8 31. Be6 {[%emt 0:00:00][%mdl 1024] White has compensation.} Ke7 (31... Qh8 $11) 32. Qb4 (32. Nc2 $1 $16) 32... b6 {[%emt 0:00:00] [#]} (32... Rc6 $1 $14) 33. Qa4 $1 $16 Rc7 {[%emt 0:00:00] [#] Black is weak on the light squares} 34. Qb4 (34. Bxf7 $1 $16 Nxf7 35. Nc2) 34... Rh8 35. Qb3 Nb7 36. Bxf7 Nc5 {[%emt 0:06:00] Repels Qe6+. The board is on fire.} 37. Qc4 (37. Qa3 $1 $11 {remains equal.} Kxf7 (37... Qxf7 38. Rxh6 Rxh6 39. Rxh6 $11) 38. b4) 37... Qxf7 $17 38. Qxf7+ Kxf7 39. Rxh6 Rg8 (39... Rxh6 $17 40. Rxh6 Nd7 41. Rh7+ Ke8 42. Rh8+ Nf8) 40. R1h2 Na4 41. Kf1 Rc1 42. Rh7+ Rg7 43. Rxg7+ $4 (43. Rh8 $11 {and White stays safe.}) 43... Kxg7 $11 {[%emt 0:00:00] KRN-KRN} 44. b3 $2 (44. Rd2) 44... Nc3 $19 45. Rb2 Nd1 {[%emt 0:00:00] Black is winning.} 46. Re2 Ne3+ 47. Kf2 Nxg4+ 48. Kg3 Ne3 {[%emt 0:01:00] Weighted Error Value: White=0.35/Black=0.22 (precise) .  Loses game:     	White=1     	---        Mistake:       	White=6     	Black=6      Inaccurate:     	White=3     	Black=2      OK:         	White=13    	Black=20     Best:        	---       	Black=5      Strong:       	White=1     	---} 0-1

[Event "1st Festival Galdar 2024"]
[Site "?"]
[Date "2024.09.02"]
[Round "1.10"]
[White "Movsziszian, Karen"]
[Black "Vargas Tinoco, Martin Alonso"]
[Result "1-0"]
[Annotator "TA"]
[ECO "A07"]
[WhiteElo "2444"]
[BlackElo "1769"]
[PlyCount "63"]
[EventDate "2024.09.02"]
[EventType "swiss"]
[SourceTitle "playchess.com"]
[Source "ChessBase"]
[SourceQuality "1"]
[TimeControl "5400+30"]

1. g3 d5 2. Bg2 e5 3. d3 Nf6 4. Nf3 Nbd7 5. O-O Be7 6. Nbd2 O-O 7. e4 dxe4 8. dxe4 {[%emt 0:00:03] The position is equal.} c5 (8... Qe8 $11) 9. Re1 Qc7 10. Nc4 Rd8 11. Qe2 Ne8 (11... b5 $11 {remains equal.} 12. Ne3 b4) 12. b3 f6 13. Ne3 Nf8 14. Nd5 Qd6 (14... Qd7 $142) 15. Nd2 ({White should try} 15. Nh4) 15... Be6 16. Bb2 Nc7 (16... Qd7 $16 {might work better.}) 17. Nc4 $36 {[%emt 0:00:07][%mdl 2048] White is on the roll.} Qd7 18. Rad1 {[%emt 0:01:20][%cal Od5f6] [#] Nxf6+! would now be deadly. White has more active pieces.} Nxd5 {[%emt 0:04:09] Black cannot hold the game after this.} (18... Bxd5 $16 {was called for.} 19. exd5 Bd6) 19. exd5 Bg4 20. f3 b5 21. d6 ({Don't do} 21. fxg4 bxc4 22. d6 (22. Qxc4 Bd6 $18) 22... Bxd6 23. Qxc4+ Kh8 24. Bxa8 Rxa8 $18) 21... Be6 22. dxe7 Qxe7 23. Ne3 Rab8 24. c4 bxc4 25. bxc4 Qb7 (25... Kh8 $142 26. Nd5 Qf7) 26. Rxd8 {[%emt 0:03:02] White is clearly winning.} Rxd8 27. f4 Qb4 28. Nd5 ({Not} 28. fxe5 Rd2 $16) 28... Qa5 29. fxe5 Bg4 30. Qf2 fxe5 31. Ne7+ Kh8 32. Nc6 {[%emt 0:00:11] Weighted Error Value: White=0.16 (very precise) /Black=0.56.  Loses game:     	---       	Black=1      Mistake:       	White=1     	Black=5      Inaccurate:     	White=1     	Black=4      OK:         	White=8     	Black=6      Best:        	White=3     	Black=1} 1-0

[Event "1st Festival Galdar 2024"]
[Site "?"]
[Date "2024.09.02"]
[Round "1.11"]
[White "Quevedo Olivares, Carlos Tomas"]
[Black "Rakotomaharo, Fy Antenaina"]
[Result "0-1"]
[Annotator "RC"]
[ECO "B22"]
[WhiteElo "1766"]
[BlackElo "2440"]
[PlyCount "64"]
[EventDate "2024.09.02"]
[EventType "swiss"]
[SourceTitle "playchess.com"]
[Source "ChessBase"]
[SourceQuality "1"]
[TimeControl "5400+30"]

1. e4 c5 2. c3 Nf6 3. e5 Nd5 4. d4 cxd4 5. Nf3 e6 6. cxd4 d6 7. Bc4 Be7 8. O-O O-O 9. Nbd2 Qc7 10. Bb3 Nc6 11. Re1 Rd8 12. exd6 Bxd6 13. Ne4 Be7 14. Bg5 Qb6 15. Nc5 h6 16. Bxe7 Ndxe7 17. Rc1 Nf5 18. Na4 Qb4 19. a3 Qd6 20. d5 exd5 21. Nc3 d4 22. Ne4 Qf8 23. Rxc6 bxc6 24. Ne5 Be6 25. Bxe6 fxe6 26. Nxc6 Rdc8 27. Ne5 Rc7 28. Qa4 Rac8 29. h3 Rc1 30. Rxc1 Rxc1+ 31. Kh2 Nd6 32. Nxd6 Qf4+ 0-1

[Event "1st Festival Galdar 2024"]
[Site "?"]
[Date "2024.09.02"]
[Round "1.12"]
[White "Koelle, Tobias"]
[Black "Basualdo De Ornelas, Jorge"]
[Result "1-0"]
[Annotator "RC"]
[ECO "D37"]
[WhiteElo "2433"]
[BlackElo "1763"]
[PlyCount "85"]
[EventDate "2024.09.02"]
[EventType "swiss"]
[SourceTitle "playchess.com"]
[Source "ChessBase"]
[SourceQuality "1"]
[TimeControl "5400+30"]

1. d4 d5 2. c4 e6 3. Nf3 Nf6 4. Nc3 a6 5. cxd5 exd5 6. Bg5 Be6 7. e3 Nbd7 8. Bd3 h6 9. Bh4 Bd6 10. O-O g5 11. Bg3 Bxg3 12. fxg3 Qe7 13. Rc1 O-O-O 14. Qc2 Qd6 15. Na4 Kb8 16. Nc5 Nxc5 17. dxc5 Qe7 18. c6 Bc8 19. cxb7 Bxb7 20. Rfe1 Ne8 21. Nd4 Qd6 22. b4 h5 23. Qa4 Rh6 24. Nf5 Qg6 25. Nxh6 Qxh6 26. b5 Ka7 27. bxa6 Ba8 28. Rb1 d4 29. Rb7+ Bxb7 30. axb7+ Kxb7 31. Rb1+ Qb6 32. Be4+ Kc8 33. Rxb6 cxb6 34. Qc6+ Nc7 35. Bf5+ Kb8 36. Qxb6+ Ka8 37. Qxc7 Re8 38. Qc6+ Kb8 39. Qxe8+ Ka7 40. Qxf7+ Kb8 41. exd4 Ka8 42. Bc8 Kb8 43. Qb7# 1-0